 Dungeon Crawl Stone Soup version 0.32-a0-485-g70f7560b1c (webtiles) character file.

Game seed: 7844540280042752513

21270 ytrimaz the Fighter (level 12, -9/84 (87) HPs)
             Began as a Coglin Monk on Feb 27, 2024.
             Was a High Priest of Hepliaklqana.
             Mangled by a sixfirhy (12 damage)
             ... summoned by Frances
             ... on level 12 of the Dungeon.
             The game lasted 00:18:34 (12231 turns).

ytrimaz the Fighter (Coglin Monk)                  Turns: 12231, Time: 00:18:35

HP:   -9/84 (87)    AC: 12    Str: 16    XL:     12   Next: 88%
MP:   18/18         EV: 18    Int: 10    God:    Hepliaklqana [*****.]
Gold: 949           SH:  0    Dex: 20    Spells: 11/11 levels left

rFire   . . .        u - +1 dagger (elec) {Hayata}
rCold   . . .        c - +1 dagger (elec) {Imanvir}
rNeg    . . .        j - +0 acid dragon scales
rPois   +            b - +0 helmet
rElec   .            (no cloak)
rCorr   +            y - +2 pair of gloves {Str+3}
SInv    .            J - +1 pair of boots
Will    .....        A - amulet "Atseogu" {Acrobat rPois Regen+}
Stlth   +++          (ring unavailable)
HPRegen 1.14/turn    (ring unavailable)
MPRegen 0.16/turn

%: acrobat
@: lightly drained
A: reduced essence, off-hand wielding, slow wielding, warmup strikes, no rings
a: Renounce Religion, Recall Ancestor, Ancestor Identity, Transference, Idealise


You were on level 12 of the Dungeon.
You worshipped Hepliaklqana.
Hepliaklqana was extremely pleased with you.
You visited 1 branch of the dungeon, and saw 12 of its levels.
You also visited: Sewer and Ossuary.

You collected 949 gold pieces.


Innate Abilities, Weirdness & Mutations

Your life essence is reduced to manifest your ancestor. (-10% HP)
You can wield a second weapon in your off-hand.
It takes a long time for you to wield or remove held weapons.
Your first few attacks do less damage.
Your grasper-arms cannot wear rings.


   Skills:
 - Level 10.0 Fighting
 - Level 10.0 Short Blades
 - Level 5.7 Axes
 + Level 9.7 Dodging
 + Level 4.1 Stealth
 + Level 8.3 Invocations


You had 11 spell levels left.
You didn't know any spells.
Your spell library contained the following spells:

 Spells                   Type           Power      Damage    Failure   Level
 Foxfire                  Conj/Fire      0%         2x1d4     45%         1
 Lesser Beckoning         Tloc           0%         N/A       61%         2
 Frozen Ramparts          Ice            0%         1d1       83%         3
 Gell's Gravitas          Tloc           0%         N/A       83%         3
 Summon Ice Beast         Ice/Summ       0%         N/A       83%         3
 Teleport Other           Tloc           0%         N/A       83%         3
 Volatile Blastmotes      Fire/Tloc      0%         2d10      83%         3
 Fulminant Prism          Conj/Alch      0%         3d5       99%         4
 Iskenderun's Mystic Bla  Conj/Tloc      0%         2d3       99%         4
 Leda's Liquefaction      Alch/Erth      0%         N/A       99%         4
 Petrify                  Alch/Erth      0%         N/A       99%         4
 Vhi's Electric Charge    Tloc/Air       0%         N/A       99%         4
 Arcjolt                  Conj/Air       0%         1d10      100%        5
 Metabolic Englaciation   Hex/Ice        0%         N/A       100%        5
 Summon Forest            Summ/Tloc      0%         N/A       100%        5
 Summon Mana Viper        Hex/Summ       0%         N/A       100%        5
 Plasma Beam              Fire/Air       0%         2x1d10    100%        6
 Starburst                Conj/Fire      0%         6d3       100%        6
 Summon Cactus Giant      Summ           0%         N/A       100%        6
 Monstrous Menagerie      Summ           0%         N/A       100%        7
 Maxwell's Capacitive Co  Air            0%         โˆž       100%        8

Inventory:

Hand Weapons
 a - a +0 hand axe {Uvorgh}
 c - a +1 dagger of electrocution (offhand) {Imanvir}
   (You took it off an orc wizard on level 9 of the Dungeon)
 l - a +2 dagger of venom {ร†lfthryth}
   (You found it on level 2 of the Dungeon)
 t - a +2 dagger of draining {Ara}
   (You took it off a goblin on level 4 of the Dungeon)
 u - a +1 dagger of electrocution (weapon) {Hayata}
   (You took it off a kobold on level 4 of the Dungeon)
 v - a +2 short sword of holy wrath {Kasem}
   (You took it off a kobold on level 4 of the Dungeon)
Armour
 b - a +0 helmet (worn)
   (You found it on level 3 of the Dungeon)
 d - an orb of light
 j - +0 acid dragon scales (worn)
   (You took it off Maggie on level 7 of the Dungeon)
 y - a +2 pair of gloves of strength (worn)
   (You found it on level 6 of the Dungeon)
 J - a +1 pair of boots (worn)
   (You found it on level 11 of the Dungeon)
Jewellery
 e - an amulet of magic regeneration
   (You found it on level 11 of the Dungeon)
 A - the amulet "Atseogu" (around neck) {Acrobat rPois Regen+}
   (You acquired it in an ossuary)

   [amulet of the acrobat]

   Acrobat:   It increases your evasion while moving and waiting.
   rPois:     It protects you from poison Regen+: It increases your rate of
   health regeneration.
Wands
 p - a wand of paralysis (5)
   (You found it on level 11 of the Dungeon)
 q - a wand of polymorph (7)
   (You took it off Pikel on level 5 of the Dungeon)
Scrolls
 f - 2 scrolls of vulnerability
 g - 2 scrolls of teleportation
 h - 3 scrolls of noise
 m - 2 scrolls of amnesia
 o - 2 scrolls of enchant armour
 E - 4 scrolls of identify
 H - a scroll of revelation
 K - a scroll of silence {unknown}
Potions
 i - 11 potions of curing
 k - 2 potions of magic
 n - 4 potions of enlightenment
 r - a potion of brilliance
 s - 3 potions of ambrosia
 w - 4 potions of invisibility
 z - a potion of heal wounds
 C - 2 potions of mutation
 F - 3 potions of lignification
 G - 2 potions of cancellation
Miscellaneous
 I - a phantom mirror
   (You found it on level 10 of the Dungeon)

Dungeon Overview and Level Annotations

Branches:
Dungeon (12/15) Zot: 26922  Temple (0/1) D:6            Lair (0/5) D:11
    Orc (0/2) D:10          Sewer (visited)         Ossuary (visited)

Altars:
Cheibriados
Dithmenos
Elyvilon
Fedhas
Gozag
Hepliaklqana
Kikubaaqudgha
Nemelex Xobeh
Okawaru
Ru
Sif Muna
The Shining One

Shops:
D:3 [

Annotations:
D:5 1 runed translucent door, Crazy Yiuf
D:8 3 runed translucent doors, Newt's ghost, novice GrFi
D:12 Frances

#. #... #... #..##
##..##### #.......#
#.......### .....#
#.......@.## .....#
#.......#34###....C#
######.......##.@3#.....#
#........<...####e#..C..#
.####.(....># #h#.....#
#.......# #h#.y...#
#.......# #@'.@...+
#.......# ###.....#
#.......# h....#


You could see Frances (fast, inner flame, fleeing, drained), a sun demon
(summoned, fleeing), a hellwing (summoned, fleeing), a deep elf pyromancer
(fleeing) and a sixfirhy (summoned).


Message History

You hit Frances with your +1 dagger of electrocution.
Flame seeps out of Frances.
Frances is engulfed in blazing flames.
Flame seeps out of Frances.
Frances hits you with a +2 flail of draining!
You feel drained.
The howler monkey hoots and howls with incredible vigour!
You hear a shout! x3 ๐Ÿ˜ฎ HP[-13]
You now have 84 max hp (-3).
You take 13 damage, and now have 58/84 hp.
You closely miss Frances with your +1 dagger of electrocution.
You hit Frances with your +1 dagger of electrocution.
Flame seeps out of Frances.
Frances is engulfed in blazing flames.
Flame seeps out of Frances.
Frances misses you. ๐Ÿ˜ฎ HP[+1] Unknown command.
You hit Frances but do no damage.
You hit Frances with your +1 dagger of electrocution.
Flame seeps out of Frances.
Unknown command.
You hit Frances but do no damage.
You closely miss Frances with your +1 dagger of electrocution.
Frances is engulfed in blazing flames.
Flame seeps out of Frances.
Frances barely misses you. ๐Ÿ˜ฎ HP[+1] Unknown command.
As you read the scroll of fear, it crumbles to dust.
You assume a fearsome visage.
Frances looks frightened!
The howler monkey looks frightened!
Frances is engulfed in blazing flames.
Flame seeps out of Frances.
Frances is engulfed in blazing flames.
Flame seeps out of Frances. ๐Ÿ˜ฎ HP[+1] Unknown command.
Frances is engulfed in blazing flames.
Flame seeps out of Frances. ๐Ÿ˜ฎ HP[+1] MP[+1]
Your mp is fully restored (18).
Aiming: Throw Flame
Press: ? - help, Q - select action, (/) - cycle Shift-Dir - straight line, f/p - Frances
Aim: Frances, wielding a +2 flail of draining and wearing a +2 ring mail of fire resistance (almost dead, fast, inner flame, fleeing, lightly drained, 72% to hit)
The puff of flame hits Frances.
Frances resists.
Flame seeps out of Frances.
Your attack snaps Frances out of her fear.
Frances is engulfed in blazing flames.
Flame seeps out of Frances.
Frances mutters in a terrible tongue.
The shard of ice hits you!!!
Ouch! That really hurt!
* * * LOW HITPOINT WARNING * * *
Cornered, the howler monkey turns to fight!
Frances is engulfed in blazing flames.
Flame seeps out of Frances.
Frances says, "There is a strange beauty in the demonic, don't you think?" ๐Ÿ˜ฑ HP[-44]
You take 44 damage, and now have 18/84 hp.
MASSIVE DAMAGE!! (PAUSE)
You feel much better.
Frances is engulfed in blazing flames.
Flame seeps out of Frances.
Frances whispers indecipherable words.
The shard of ice misses you. ๐Ÿ˜จ HP[+23]
You regained 23 hp, and now have 41/84 hp.
Aiming: Paralyse
Press: ? - help, Q - select action, (/) - cycle Shift-Dir - straight line, f/p - Frances
Aim: Frances, wielding a +2 flail of draining and wearing a +2 ring mail of fire resistance (flame, almost dead, fast, inner flame, lightly drained, chance to affect: 11%)
Okay, then.
Aiming: Throw Flame
Press: ? - help, Q - select action, (/) - cycle Shift-Dir - straight line, f/p - Frances
Aim: Frances, wielding a +2 flail of draining and wearing a +2 ring mail of fire resistance (flame, almost dead, fast, inner flame, lightly drained, 72% to hit)
The puff of flame hits Frances but does no damage.
Frances is engulfed in blazing flames.
Flame seeps out of Frances.
Frances screams a word of power!
Frances is engulfed in blazing flames.
Flame seeps out of Frances.
Frances whispers indecipherable words.
The shard of ice hits you!!
* * * LOW HITPOINT WARNING * * *
A deep elf pyromancer comes into view.
It is wielding a +0 rapier. ๐Ÿ˜ฑ HP[-31]
You take 31 damage, and now have 10/84 hp.
MASSIVE DAMAGE!! (PAUSE)
Aiming: Throw Flame
Press: ? - help, Q - select action, (/) - cycle Shift-Dir - straight line, f/p - Frances
Aim: Frances, wielding a +2 flail of draining and wearing a +2 ring mail of fire resistance (flame, almost dead, fast, inner flame, lightly drained, 72% to hit)
The puff of flame hits Frances.
Frances resists.
Flame seeps out of Frances.
The now-empty wand crumbles to dust.
Frances is engulfed in blazing flames.
Flame seeps out of Frances.
Frances screams a word of power! ๐Ÿ˜ฑ HP[+1] Unknown command.
Press: ? - help, v - describe, . - travel
Here: Frances, wielding a +2 flail of draining and wearing a +2 ring mail of fire resistance (almost dead, fast, inner flame, lightly drained)
The floor, spattered with blood.
Okay, then.
Unknown command.
Unknown command.
As you read the scroll of fear, it crumbles to dust.
You assume a fearsome visage.
Frances looks frightened!
The deep elf pyromancer looks frightened!
The sun demon looks frightened!
The hellwing looks frightened!
The sixfirhy resists with some effort.
The sixfirhy hits you!
* * * LOW HITPOINT WARNING * * *
The sixfirhy shocks you!
You die...
Hepliaklqana delivers you to your ancestors.

Skill      XL: |  1  2  3  4  5  6  7  8  9 10 11 12 |
---------------+-------------------------------------+-----
Fighting       | 4 5 7 8 10 | 10.0
Axes           | 4 5 |  5.7
Short Blades   | 3 5 7 8 10 | 10.0
Dodging        | 3 5 7 9 |  9.7
Invocations    | 1 4 6 8 |  8.3
Stealth        | 4 |  4.1

Action                     |  1- 3 |  4- 6 |  7- 9 | 10-12 || total
---------------------------+-------+-------+-------+-------++-------
  Melee: Hand axe          |    91 |   144 |       |       ||   235
         Dagger            |    21 |   140 |   384 |  1016 ||  1561
         Short sword       |       |       |    17 |   142 ||   159
 Invoke: Ancestor Life: He |       |       |     1 |       ||     1
         Idealise          |       |       |       |     1 ||     1
  Evoke: Wand              |       |       |     1 |    26 ||    27
    Use: Potion            |       |     4 |     4 |     1 ||     9
         Scroll            |       |     9 |     2 |    13 ||    24
   Stab: Distracted        |       |       |     1 |    11 ||    12
         Confused          |       |       |     4 |    21 ||    25
         Paralysed         |       |       |       |     5 ||     5
         Sleeping          |       |       |       |     2 ||     2
 Armour: Robe              |    62 |    35 |       |       ||    97
         Chain mail        |       |    55 |   197 |    12 ||   264
         Leather armour    |       |     9 |       |       ||     9
         Skin              |       |       |    23 |       ||    23
         Acid dragon scale |       |       |       |   254 ||   254
  Dodge: Dodged            |    81 |    82 |    83 |   398 ||   644

Levels and vault maps discovered:
D:1:      minmay_arrival_stone_box, layout_basic
D:2:      layout_basic, basic_altar
D:3:      layout_rooms, mainiacjoe_sewer_entry_somewhere_in_here_2,
          serial_curves, eino_curves_01, eino_curves_04, serial_shops, shop,
          minivault_5, st_stairs_4, amethyst_killhole,
          chequers_serial_rivers_micro_b, palyth_stone_intersect
D:4:      corexii_shantytown, layout_basic, mainiacjoe_overflow_cross_hatched,
          corexii_shack, hangedman_abyss_or_decor_jellyfish_corner,
          uniq_natasha, uniq_duvessa
D:5:      layout_basic, mainiacjoe_overflow_chevrons, lemuel_doored_altar,
          uniq_crazy_yiuf_cottage, uniq_sigmund, uniq_menkaure, uniq_pikel
D:6:      layout_basic, temple_pool_b
D:7:      layout_basic, nicolae_ossuary_entry_catacombs,
          hangedman_decor_clover_reticule, nicolae_grassy_gnolls, uniq_maggie
D:8:      minmay_curly_fans, layout_gridville, hangedman_ru_absence,
          gammafunk_ghost_spectres, serial_ice, serial_ice_h, serial_ice_n,
          serial_ice_e, serial_ice_o, kennysheep_generic_room_16, uniq_jeremiah
D:9:      layout_roguey
D:10:     layout_cave_pools, grunt_temple_overflow_growth_and_decay,
          amethyst_overflow_temple_binary, mainiacjoe_overflow_catwalk,
          okawaru_ov_weapons_minmay, zombieorc1_lemuel, serial_column_ruins,
          column_ruins_hut, column_ruins_grid_3, column_ruins_columns_straight,
          column_ruins_open_tiny, column_ruins_open_tiny,
          column_ruins_open_tiny, nicolae_fort_ynox
D:11:     layout_loops_cross, grunt_lair_entry_orc_guard_hut, led_sif_pool
D:12:     layout_roguey [special_room_orc], gammafunk_ghost_smash, uniq_frances

Notes
Turn   | Place    | Note
-------+----------+-------------------------------------------
     0 | D:1      | ytrimaz the Coglin Monk began the quest for the Orb.
     0 | D:1      | Reached XP level 1. HP: 18/18 MP: 1/1
     0 | D:1      | magus.rc [v1.9.6]
   108 | D:1      | Reached XP level 2. HP: 9/24 MP: 2/2
   109 | D:1      | HP: 6/24 [jackal (3)]
   116 | D:1      | HP: 6/24 [jackal (1)]
   121 | D:1      | HP: 3/24 [jackal (1)]
   521 | D:1      | Reached XP level 3. HP: 29/29 MP: 3/3
  1145 | D:2      | Found a white marble altar of Elyvilon.
  1147 | D:2      | You pick up a book of the Wilderness and begin reading...
  1147 | D:2      | You add the spells Summon Forest, Summon Mana Viper and
                  | Summon Cactus Giant to your library.
  1787 | D:2      | Reached skill level 4 in Fighting
  1787 | D:2      | Reached skill level 4 in Axes
  1787 | D:2      | Reached XP level 4. HP: 36/37 MP: 4/4
  1864 | D:3      | Found Wusil's Armour Emporium.
  2145 | D:3      | Found a glowing drain.
  2149 | Sewer    | Entered a sewer
  2153 | Sewer    | Reached XP level 5. HP: 38/43 MP: 5/5
  2161 | Sewer    | HP: 10/43 [river rat (8)]
  2162 | Sewer    | HP: 2/43 [river rat (8)]
  2222 | Sewer    | Noticed a kobold brigand
  2223 | Sewer    | Noticed a kobold brigand
  2246 | Sewer    | Killed a kobold brigand
  2253 | Sewer    | Killed a kobold brigand
  2254 | Sewer    | Reached skill level 5 in Fighting
  2254 | Sewer    | Reached skill level 5 in Axes
  2254 | Sewer    | Reached XP level 6. HP: 37/51 MP: 6/6
  2320 | Sewer    | Found a white marble altar of Elyvilon.
  3085 | D:4      | Noticed Natasha
  3092 | D:4      | Killed Natasha
  3442 | D:4      | Noticed Natasha
  3443 | D:4      | Found a sparkling altar of Nemelex Xobeh.
  3449 | D:4      | Killed Natasha
  3591 | D:4      | Noticed Natasha
  3602 | D:4      | Killed Natasha
  3895 | D:4      | Reached XP level 7. HP: 56/56 MP: 7/7
  4258 | D:4      | Noticed Dowan
  4259 | D:4      | Noticed Duvessa
  4266 | D:4      | Killed Dowan
  4267 | D:4      | Reached skill level 6 in Fighting
  4267 | D:4      | Reached skill level 1 in Short Blades
  4273 | D:4      | Killed Duvessa
  4414 | D:5      | Entered Level 5 of the Dungeon
  4458 | D:5      | Reached skill level 2 in Short Blades
  4611 | D:5      | HP: 14/59 [gnoll sergeant/+0 spear (2)]
  4700 | D:5      | Reached skill level 3 in Short Blades
  4900 | D:5      | Found a hazy altar of Hepliaklqana.
  4908 | D:5      | Noticed Menkaure
  4922 | D:5      | Reached skill level 7 in Fighting
  4922 | D:5      | Reached XP level 8. HP: 52/67 MP: 8/8
  5010 | D:5      | Killed Menkaure
  5016 | D:5      | Reached skill level 4 in Short Blades
  5066 | D:5      | Noticed Sigmund
  5072 | D:5      | Killed Sigmund
  5145 | D:5      | Found a glowing golden altar of the Shining One.
  5258 | D:5      | Noticed Pikel
  5275 | D:5      | HP: 17/68 [lemure[Pikel] (4)]
  5276 | D:5      | Killed Pikel
  5277 | D:5      | Reached skill level 8 in Fighting
  5277 | D:5      | Reached skill level 5 in Short Blades
  5277 | D:5      | Reached XP level 9. HP: 19/75 MP: 9/9
  5653 | D:5      | You pick up a book of Blasting and begin reading...
  5653 | D:5      | You add the spells Volatile Blastmotes, Fulminant Prism and
                  | Iskenderun's Mystic Blast to your library.
  5722 | D:5      | Found a runed translucent door.
  5723 | D:5      | Noticed Crazy Yiuf
  6071 | D:5      | Became a worshipper of Hepliaklqana the Forgotten
  6071 | D:5      | Reached * piety under Hepliaklqana
  6071 | D:5      | Reached ** piety under Hepliaklqana
  6085 | D:6      | Remembered your ancestor Pole as a hexer
  6156 | D:6      | Reached skill level 9 in Fighting
  6156 | D:6      | Reached skill level 6 in Short Blades
  6171 | D:6      | You pick up a book of Lightning and begin reading...
  6171 | D:6      | You add the spells Vhi's Electric Charge, Arcjolt and
                  | Plasma Beam to your library.
  6215 | D:6      | Found a staircase to the Ecumenical Temple.
  6638 | D:6      | Reached skill level 7 in Short Blades
  7163 | D:7      | Reached skill level 10 in Fighting
  7163 | D:7      | Reached skill level 3 in Dodging
  7247 | D:7      | Reached skill level 1 in Invocations
  7247 | D:7      | Reached XP level 10. HP: 41/76 MP: 10/10
  7363 | D:7      | Identified a scroll of acquirement
  7448 | D:7      | Noticed Maggie
  7455 | D:7      | Killed Maggie
  7456 | D:7      | Reached skill level 2 in Invocations
  7673 | D:7      | Reached skill level 4 in Dodging
  7686 | D:7      | Reached *** piety under Hepliaklqana
  7797 | D:7      | Found a sand-covered staircase.
  7810 | Ossuary  | Entered an ossuary
  7844 | Ossuary  | Reached skill level 8 in Short Blades
  8082 | Ossuary  | Acquired the amulet "Atseogu" {Acrobat rPois Regen+}
  8326 | D:8      | Noticed a six-headed hydra
  8403 | D:8      | Reached skill level 3 in Invocations
  8442 | D:8      | Found a sacrificial altar of Ru.
  8454 | D:8      | Noticed Jeremiah
  8458 | D:8      | Killed Jeremiah
  8595 | D:8      | Reached skill level 5 in Dodging
  8639 | D:8      | Noticed a boulder beetle
  8658 | D:8      | Killed a boulder beetle
  8659 | D:8      | Reached skill level 4 in Invocations
  8659 | D:8      | Reached XP level 11. HP: 81/81 MP: 12/14
  8733 | D:8      | Reached skill level 9 in Short Blades
  8777 | D:8      | Found a runed translucent gate.
  8777 | D:8      | Found a runed translucent gate.
  8777 | D:8      | Found a runed translucent gate.
  8778 | D:8      | Noticed Newt's ghost (novice GrFi)
  8896 | D:8      | Reached **** piety under Hepliaklqana
  8947 | D:8      | Killed a six-headed hydra
  8948 | D:8      | Reached skill level 6 in Dodging
  8955 | D:8      | Noticed a two-headed ogre
  8968 | D:8      | Killed a two-headed ogre
  8969 | D:8      | Reached skill level 5 in Invocations
  9350 | D:8      | Noticed a manticore
  9362 | D:8      | Killed a manticore
  9931 | D:9      | Reached skill level 7 in Dodging
 10177 | D:10     | Entered Level 10 of the Dungeon
 10208 | D:10     | You pick up a book of Beasts and begin reading...
 10208 | D:10     | You add the spells Summon Ice Beast and Monstrous Menagerie
                  | to your library.
 10229 | D:10     | Found a snail-covered altar of Cheibriados.
 10229 | D:10     | Found a shadowy altar of Dithmenos.
 10276 | D:10     | Reached ***** piety under Hepliaklqana
 10306 | D:10     | Reached skill level 10 in Short Blades
 10310 | D:10     | Reached skill level 6 in Invocations
 10311 | D:10     | Found an iron altar of Okawaru.
 10395 | D:10     | Found an opulent altar of Gozag.
 10494 | D:10     | Found a staircase to the Orcish Mines.
 10768 | D:10     | Noticed a two-headed ogre
 10769 | D:10     | Noticed a two-headed ogre
 10779 | D:10     | Killed a two-headed ogre
 10780 | D:10     | Reached XP level 12. HP: 87/87 MP: 15/17
 10788 | D:10     | Killed a two-headed ogre
 10789 | D:10     | Reached skill level 8 in Dodging
 10797 | D:10     | Found an ancient bone altar of Kikubaaqudgha.
 10799 | D:10     | Found a blossoming altar of Fedhas.
 10863 | D:10     | Reached skill level 7 in Invocations
 11265 | D:11     | Reached skill level 1 in Stealth
 11269 | D:11     | You pick up a book of Fire and begin reading...
 11269 | D:11     | You add the spells Foxfire and Starburst to your library.
 11284 | D:11     | You pick up a book of Sloth and begin reading...
 11284 | D:11     | You add the spells Frozen Ramparts, Leda's Liquefaction,
                  | Petrify and Metabolic Englaciation to your library.
 11302 | D:11     | You pick up a book of Displacement and begin reading...
 11302 | D:11     | You add the spells Lesser Beckoning, Gell's Gravitas and
                  | Teleport Other to your library.
 11473 | D:11     | Reached skill level 2 in Stealth
 11498 | D:11     | Reached skill level 9 in Dodging
 11769 | D:11     | Found a staircase to the Lair.
 11812 | D:11     | Reached skill level 3 in Stealth
 11915 | D:11     | Noticed a boulder beetle
 11923 | D:11     | Killed a boulder beetle
 11924 | D:11     | Reached skill level 8 in Invocations
 12102 | D:11     | Found a shimmering blue altar of Sif Muna.
 12165 | D:12     | Noticed a boulder beetle
 12171 | D:12     | Killed a boulder beetle
 12178 | D:12     | Noticed Frances
 12197 | D:12     | Reached skill level 4 in Stealth
 12227 | D:12     | HP: 18/84 [Frances/shard of ice (45)]
 12230 | D:12     | Noticed a sun demon
 12231 | D:12     | HP: 3/84 [sixfirhy[Frances] (9)]
 12231 | D:12     | Mangled by a sixfirhy

Vanquished Creatures
  A hydra (D:8)
  3 boulder beetles
  3 two-headed ogres
  Pikel (D:5)
  An ugly thing (D:11)
  A cyclops (D:11)
  2 manticores
  An elephant (D:11)
  Maggie (D:7)
  A komodo dragon (D:12)
  Jeremiah (D:8)
  5 trolls
  2 polar bears (D:8)
  A hornet (D:10)
  Sigmund (D:5)
  A wraith (D:10)
  2 shadows
  2 ynoxinuls (D:10)
  A wyvern (D:7)
  24 yaks
  An unseen horror simulacrum (D:8)
  3 steam dragons
  3 vampire mosquitoes (D:12)
  Menkaure (D:5)
  An acid dragon (D:11)
  3 water moccasins
  Duvessa (D:4)
  An orc warrior (D:9)
  3 ice beasts
  3 black bears
  A laughing skull (D:8)
  An ogre (D:6)
  2 wolves (D:8)
  A lemure (D:5)
  A phantom (D:10)
  An elf zombie (D:7)
  4 gnoll sergeants
  3 kobold brigands
  2 bullfrogs
  3 scorpions
  An elf skeleton (D:7)
  7 wights
  Dowan (D:4)
  A troll zombie (D:10)
  7 killer bees
  5 howler monkeys
  2 electric eels (D:10)
  2 bombardier beetles
  A jelly (D:8)
  4 orc priests
  3 hounds
  A human zombie (D:7)
  A sleepcap (D:6)
  A human skeleton (D:7)
  3 orc wizards
  3 iguanas
  Natasha (thrice) (D:4)
  5 ogre zombies (D:10)
  A centaur simulacrum (D:8)
  7 mummies (Ossuary)
  A killer bee simulacrum (D:8)
  20 gnolls
  7 adders
  3 river rats (Sewer)
  6 ufetubi (D:10)
  A dart slug (D:3)
  3 ribbon worms
  24 orcs
  7 ball pythons
  6 bats
  3 endoplasms
  5 giant cockroaches
  8 goblins
  18 hobgoblins
  11 jackals
  3 frilled lizards
  5 gnoll zombies
  16 kobolds
  A kobold zombie (Ossuary)
  3 orc skeletons
  12 orc zombies
  10 rats
326 creatures vanquished.

Vanquished Creatures (collateral kills)
  A cyclops (D:12)
  A shadow (D:10)
  3 yaks
  An ice beast (D:8)
  An orc warrior (D:8)
  A sky beast (D:7)
  A wolf (D:8)
  A centaur (D:11)
  An elf zombie (D:7)
  2 bullfrogs
  A scorpion (D:6)
  2 wights
  3 killer bees (D:9)
  A howler monkey (D:7)
  An iguana (D:6)
  A sleepcap (D:6)
  3 orc wizards
  A mummy (Ossuary)
  2 gnolls
  2 white imps
  An ufetubus (D:10)
  An orc (D:9)
  2 gnoll zombies
  A kobold (D:9)
  4 orc zombies
39 creatures vanquished.

Vanquished Creatures (others)
  6 hexers
  A shadow imp (D:7)
  An orc skeleton (D:10)
8 creatures vanquished.

Grand Total: 373 creatures vanquished

Table legend:
 A = Non-vault XP
 B = Vault XP
 C = Vault XP percentage of total XP
 D = Non-vault monster count
 E = Vault monster count
 F = Vault count percentage of total count
                 A         B        C        D         E       F
            +---------+---------+-------+---------+---------+-------
      Total |   20941 |    9446 |  31.1 |     206 |     158 |  43.4
            +---------+---------+-------+---------+---------+-------
        D:1 |      39 |       0 |   0.0 |      23 |       0 |   0.0
        D:2 |      48 |       0 |   0.0 |      13 |       0 |   0.0
        D:3 |      71 |      17 |  19.3 |       8 |       9 |  52.9
        D:4 |      90 |     359 |  80.0 |       6 |      43 |  87.8
        D:5 |     716 |    1088 |  60.3 |      18 |       3 |  14.3
        D:6 |    1506 |       0 |   0.0 |      29 |       0 |   0.0
        D:7 |    1126 |     884 |  44.0 |      16 |      12 |  42.9
        D:8 |    1683 |    4367 |  72.2 |      13 |      19 |  59.4
        D:9 |    2426 |       0 |   0.0 |      31 |       0 |   0.0
       D:10 |    4989 |    1275 |  20.4 |      22 |      37 |  62.7
       D:11 |    5524 |    1059 |  16.1 |      18 |       6 |  25.0
       D:12 |    2723 |       0 |   0.0 |       9 |       0 |   0.0
      Sewer |       0 |     242 | 100.0 |       0 |      13 | 100.0
    Ossuary |       0 |     155 | 100.0 |       0 |      16 | 100.0
            +---------+---------+-------+---------+---------+-------

Skill      XL: |  1  2  3  4  5  6  7  8  9 10 11 12 |
---------------+-------------------------------------+-----
Fighting       | 4 5 7 8 10 | 10.0
Axes           | 4 5 |  5.7
Short Blades   | 3 5 7 8 10 | 10.0
Dodging        | 3 5 7 9 |  9.7
Invocations    | 1 4 6 8 |  8.3
Stealth        | 4 |  4.1

Action                     |  1- 3 |  4- 6 |  7- 9 | 10-12 || total
---------------------------+-------+-------+-------+-------++-------
  Melee: Hand axe          |    91 |   144 |       |       ||   235
         Dagger            |    21 |   140 |   384 |  1016 ||  1561
         Short sword       |       |       |    17 |   142 ||   159
 Invoke: Ancestor Life: He |       |       |     1 |       ||     1
         Idealise          |       |       |       |     1 ||     1
  Evoke: Wand              |       |       |     1 |    26 ||    27
    Use: Potion            |       |     4 |     4 |     1 ||     9
         Scroll            |       |     9 |     2 |    13 ||    24
   Stab: Distracted        |       |       |     1 |    11 ||    12
         Confused          |       |       |     4 |    21 ||    25
         Paralysed         |       |       |       |     5 ||     5
         Sleeping          |       |       |       |     2 ||     2
 Armour: Robe              |    62 |    35 |       |       ||    97
         Chain mail        |       |    55 |   197 |    12 ||   264
         Leather armour    |       |     9 |       |       ||     9
         Skin              |       |       |    23 |       ||    23
         Acid dragon scale |       |       |       |   254 ||   254
  Dodge: Dodged            |    81 |    82 |    83 |   398 ||   644

Illustrated notes

Table legend:
 A = Kills in this place as a percentage of kills in the entire game.
 B = Kills by you in this place as a percentage of kills by you in the entire game.
 C = Kills by friends in this place as a percentage of kills by friends in the entire game.
 D = Other kills in this place as a percentage of other kills in the entire game.
 E = Experience gained in this place as a percentage of experience gained in the entire game.
 F = Experience gained in this place divided by the number of levels of this place that you have seen.
                   A       B       C       D       E      F
               +-------+-------+-------+-------+-------+----------------------
         Total | 100.0 | 100.0 | 100.0 | 100.0 | 100.0 | 2170.5
       Dungeon |  92.0 |  92.5 |  87.2 | 100.0 |  98.7 | 2499.2
         Sewer |   3.6 |   4.0 |   0.0 |   0.0 |   0.8 | 242.0
       Ossuary |   4.4 |   3.4 |  12.8 |   0.0 |   0.5 | 155.0
               +-------+-------+-------+-------+-------+----------------------

Table legend: (Time is in decaauts)
 A = Elapsed time spent in this place.
 B = Non-inter-level travel time spent in this place.
 C = Inter-level travel time spent in this place.
 D = Time resting spent in this place.
 E = Time spent auto-exploring this place.
 F = Levels seen in this place.
 G = Mean time per level.
                   A        B        C        D        E       F      G
               +--------+--------+--------+--------+--------+-----+--------+
         Total |  11965 |  11402 |    563 |    181 |   8602 |  14 |  854.6 |
       Dungeon |  11429 |  10866 |    563 |    181 |   8234 |  12 |  952.4 |
         Sewer |    242 |    242 |      0 |      0 |    159 |   1 |  242.0 |
       Ossuary |    293 |    293 |      0 |      0 |    209 |   1 |  293.0 |
               +--------+--------+--------+--------+--------+-----+--------+

Top non-repeatable levels by time:
     D:5: 1656 daAuts
     D:4: 1385 daAuts
     D:8: 1042 daAuts
     D:2: 1037 daAuts
     D:6: 1017 daAuts
     D:3: 1007 daAuts
    D:10: 953 daAuts
     D:7: 902 daAuts
    D:11: 867 daAuts
     D:1: 806 daAuts
     D:9: 674 daAuts
 Ossuary: 293 daAuts
   Sewer: 242 daAuts
    D:12: 76 daAuts
